 Seeded DCSS version 0.30.0-19-g36f170ea60 (webtiles) character file.

Game seed: 7229806256980976716 (custom seed)

25 RascalDebosk the Magician (level 3, 28/28 HPs)
             Began as a Djinni Warper on May 31, 2023.
             Quit the game on level 1 of the Dungeon on June 1, 2023.
             The game lasted 00:06:53 (780 turns).

RascalDebosk the Magician (Djinni Warper)            Turns: 780, Time: 00:06:54

Health: 28/28      AC:  4    Str: 10    XL:     3   Next: 17%
Gold:   1256       EV: 11    Int: 16    God:
                   SH:  0    Dex: 12

rFire   + + .        a - +0 falchion
rCold   x . .        (no shield)
rNeg    . . .        b - +1 leather armour
rPois   ∞            (no helmet)
rElec   .            (no cloak)
rCorr   .            (no gloves)
SInv    .            (boots unavailable)
Will    .....        (no amulet)
Stlth   +            (no ring)
HPRegen 0.24/turn    (no ring)
MPRegen 0.00/turn

%: no passive effects
@: flying, studying 2 skills
A: sickness immunity, fire resistance 2, cold vulnerability 1, float, innate
caster, HP casting, extra vitality 1
a: no special abilities


You were on level 1 of the Dungeon.
You visited 1 branch of the dungeon, and saw 1 of its levels.

You collected 1256 gold pieces.

Inventory:

Hand Weapons
 a - a +0 falchion (weapon)
Missiles
 d - 7 boomerangs of dispersal (quivered)
 k - a throwing net {@!f}
Armour
 b - a +1 leather armour (worn)
Scrolls
 g - 2 scrolls of blinking
Potions
 f - a potion of might
 j - a potion of mutation


   Skills:
 - Level 2.0 Fighting
 - Level 1.7 Long Blades
 - Level 0.7 Throwing
 - Level 1.0 Armour
 - Level 2.1 Dodging
 * Level 3.9 Spellcasting


You knew the following spells:

 Your Spells              Type           Power      Damage    Failure   Level
a - Blink                 Tloc           30%        N/A       7%          2
b - Lesser Beckoning      Tloc           30%        N/A       7%          2
c - Vhi's Electric Charg  Tloc/Air       30%        N/A       14%         3
d - Teleport Other        Tloc           15%        N/A       14%         3
e - Manifold Assault      Tloc           15%        N/A       43%         4
f - Necrotise             Necr           60%        1d7       4%          1
Your spell library was empty.

Dungeon Overview and Level Annotations

Branches:
Dungeon (1/15)

Altars:


Innate Abilities, Weirdness & Mutations

You are immune to sickness and miasma.
You are immune to poison.
Your flesh is very heat resistant. (rF++)
You are vulnerable to cold. (rC-)
You float through the air rather than walking.
You learn spells naturally, not from books.
Your magical power is your life essence.
You have superior vitality. (+4 MHP)


Message History

Confirm with . or Enter, or press ? or * to list all spells.
Aiming: Necrotise (safe; 4% risk of failure)
Press: ? - help, Shift-Dir - straight line, f/p - bat
Aim: a bat (ally target, chance to affect: 84%)
The bat writhes in agony.
The bat hits you but does no damage.
Casting: Necrotise (safe; 4% risk of failure)
Confirm with . or Enter, or press ? or * to list all spells.
Aiming: Necrotise (safe; 4% risk of failure)
Press: ? - help, Shift-Dir - straight line, f/p - bat
Aim: a bat (heavily wounded, ally target, chance to affect: 84%)
The bat barely resists.
The bat hits you but does no damage.
Casting: Necrotise (safe; 4% risk of failure)
Confirm with . or Enter, or press ? or * to list all spells.
Aiming: Necrotise (safe; 4% risk of failure)
Press: ? - help, Shift-Dir - straight line, f/p - bat
Aim: a bat (heavily wounded, ally target, chance to affect: 84%)
The bat barely resists.
The bat hits you but does no damage. The bat closely misses you.
Casting: Necrotise (safe; 4% risk of failure)
Confirm with . or Enter, or press ? or * to list all spells.
Aiming: Necrotise (safe; 4% risk of failure)
Press: ? - help, Shift-Dir - straight line, f/p - bat
Aim: a bat (heavily wounded, ally target, chance to affect: 84%)
The bat writhes in agony.
You kill the bat!
The dead are flying!
Found a bubbling black potion and a hand axe.
Your magical contamination has completely faded away.
Found a robe.
g - 2 scrolls of blinking (gained 1)
You swap places.
i - a bubbling black potion Your bat skeleton crumbles into dust!
You now have 1256 gold pieces (gained 10).
j - a scroll labelled ISYPAI JAGUE
Found 3 large rocks.
Found 6 stones.
A hobgoblin comes into view.
The hobgoblin shouts!
A hobgoblin is nearby!
Found a throwing net.
The hobgoblin hits you.
You closely miss the hobgoblin. The hobgoblin hits you.
You hit the hobgoblin.
You kill the hobgoblin!
k - a throwing net {@!f}
j - 2 scrolls labelled ISYPAI JAGUE (gained 1)
There is an escape hatch in the floor here.
Found a whip.
A jackal comes into view.
The jackal barks!
The jackal completely misses you. The jackal bites you.
You barely miss the jackal. The jackal bites you.
You hit the jackal.
The jackal is almost dead.
The jackal bites you but does no damage.
The jackal barely misses you.
You closely miss the jackal.
The jackal is almost dead.
The jackal closely misses you.
The jackal bites you but does no damage.
You miss the jackal.
The jackal is almost dead.
The jackal bites you but does no damage.
The jackal misses you.
You closely miss the jackal.
The jackal is severely wounded.
The jackal closely misses you.
You miss the jackal.
The jackal is severely wounded.
The jackal closely misses you. The jackal bites you.
You hit the jackal.
You kill the jackal!
You see here a jackal corpse.
You see here a jackal corpse.
Done exploring.
Done exploring.
Lua error: /dgldir/rcfiles/crawl-0.30/RascalDebosk.rc:334: '' expected near 'end' Welcome back, RascalDebosk the Djinni Warper.
Game seed: 7229806256980976716 (custom seed) Press ? for a list of commands and other information.
As you read the scroll labelled FUSKUR VIKLOEP, it crumbles to dust.
It is a scroll of amnesia.
You feel forgetful for a moment.
You drop a scroll of amnesia.
As you read the scroll labelled WUBBUN RUOS, it crumbles to dust.
You feel strangely unstable.
It was a scroll of teleportation.
As you read the scroll labelled DOJANAYNAA, it crumbles to dust.
It is a scroll of enchant armour.
Your +0 leather armour glows green for a moment.
As you read the scroll labelled ISYPAI JAGUE, it crumbles to dust.
It is a scroll of identify.
f - a potion of might;
i - a scroll of identify;
j - a bubbling black potion
Okay, then.
As you read the scroll of identify, it crumbles to dust.
j - a potion of mutation Your surroundings suddenly seem different.
Unknown command.
Are you sure you want to abandon this character and quit the game? (Confirm with "yes".)

#.##.# #.#.##..#.#.## #.#
#.##.# #.#.##.#.##.# #.#
..##.#######.#.##.#.##>#
#.#####
####.....>...#.#....##.#
#...... #
##.#..........#..##.#
####### #
#..........#....##.#
#######..#.###.##.#.##.#
......#....# #.........#
#####.#..#.###..@.(..###
#.#..##...###[#..######
#.#...........#.......#
####.#.............#####.#
#..†....####..##.#.# #.##
#.##.##.# ##.##.#.# #..#
##.##.##.#####.##.#.######.#
............#...#.#....# #.#
### ##.#..##.##..###..####.#
#.# #..


There were no monsters in sight!

Vanquished Creatures
  2 giant cockroaches (D:1)
  A goblin (D:1)
  2 hobgoblins (D:1)
  6 jackals (D:1)
  2 quokkas (D:1)
  2 ball pythons (D:1)
  3 bats (D:1)
  A frilled lizard (D:1)
  A rat (D:1)
20 creatures vanquished.

Notes
Turn   | Place    | Note
-------+----------+-------------------------------------------
     0 | D:1      | RascalDebosk the Djinni Warper began the quest for the Orb.
     0 | D:1      | RascalDebosk set off with the following spells memorised:
                  | Blink, Lesser Beckoning, Vhi's Electric Charge, Teleport
                  | Other, Manifold Assault.
     0 | D:1      | Reached XP level 1. HP: 18/18 MP: 0/0
    44 | D:1      | Identified 3 scrolls of acquirement
    44 | D:1      | Acquired a manual of Spellcasting
    48 | D:1      | Acquired a manual of Shields
    50 | D:1      | Acquired 1206 gold pieces
    89 | D:1      | Reached skill level 3 in Spellcasting
    89 | D:1      | Reached XP level 2. HP: 18/23 MP: 0/0
   318 | D:1      | Reached XP level 3. HP: 28/28 MP: 0/0
   318 | D:1      | Learned a level 1 spell: Necrotise
   780 | D:1      | Quit the game

Illustrated notes

Levels and vault maps discovered:
D:1:      spicycebolla_arrival_ecumenical, layout_loops_ring

Skill      XL: |  1 |
---------------+----+-----
Spellcasting   | 3 |  3.9
Fighting       | |  2.0
Long Blades    | |  1.7
Throwing       | |  0.7
Armour         | |  1.0
Dodging        | |  2.1

Action                     || total
---------------------------++-------
  Melee: Falchion          ||    67
         Punch             ||     1
   Cast: Necrotise         ||     6
    Use: Scroll            ||     8
 Armour: Leather armour    ||    34
  Dodge: Dodged            ||    63
